AoeStats
← Jairzin

Oasis

509502342Analyzed
4v4 RM · 5d ago on Sep 27, 2026· 47m 21s· 8 players
Game mode
Random Map
Map size
Large (8 player)
Population
200
Speed
Normal
Resources
Standard
Victory
Conquest
Starting age
Dark Age
Ending age
Imperial Age
RankedLock teamsTeams togetherTeam positionsShared explorationLock speedFull tech treeHidden civsTurbo modeCheats
Victory
Defeat
🇺🇸 Spanish · United States
1013
+12
🇧🇷 Aztecs · Brazil
1002
+13
🇺🇸 Persians · United States
973
+14
🇲🇽 Portuguese · Mexico
941
+14
🇹🇷 Aztecs · Türkiye
947
-14
🇵🇹 Portuguese · Portugal
932
-14
🇵🇹 Khmer · Portugal
926
-13
🇹🇷 Teutons · Türkiye
895
-12
Ognisty
0:27 Loom
12:01 Feudal Age
20:06 Castle Age
19:13 Stone Mining
20:07 Double-Bit Axe
21:11 Bow Saw
23:37 Kamandaran
25:48 Fletching
25:59 Padded Archer Armor
25:56 Horse Collar
26:06 Crossbowman
27:09 Heavy Plow
28:04 Thumb Ring
31:04 Scale Barding Armor
31:10 Forging
36:08 Leather Archer Armor
36:45 Gold Mining
37:35 Stone Shaft Mining
38:59 Wheelbarrow
38:10 Town Watch
38:25 Bodkin Arrow
42:04 Imperial Age
39:52 Hand Cart
40:18 Ballistics
40:09 Masonry
42:31 Chain Barding Armor
42:47 Iron Casting
43:04 Ring Archer Armor
43:39 Chemistry
43:10 Architecture
42:36 Murder Holes
43:25 Husbandry
43:36 Bloodlines
44:32 Elite War Elephant
46:32 Blast Furnace
46:33 Conscription
48:01 Hoardings
48:03 Plate Barding Armor
CHAPO
8:37 Loom
11:37 Feudal Age
12:38 Horse Collar
12:59 Double-Bit Axe
19:51 Castle Age
18:28 Gold Mining
18:56 Stone Mining
22:33 Town Watch
22:51 Heavy Plow
23:04 Bow Saw
30:39 Imperial Age
31:31 Stone Shaft Mining
30:48 Pikeman
31:13 Arson
34:24 Town Patrol
35:17 Wheelbarrow
35:14 Scale Mail Armor
36:41 Chain Mail Armor
36:37 Forging
37:08 Hand Cart
37:34 Halberdier
39:48 Plate Mail Armor
41:26 Chemistry
40:19 Guard Tower
40:39 Man-at-Arms
41:05 Gambesons
42:47 Crop Rotation
43:21 Two-Man Saw
41:46 Long Swordsman
44:31 Keep
43:19 Two-Handed Swordsman
44:01 Champion
46:04 Iron Casting
45:53 Treadmill Crane
46:24 Fortified Wall
46:10 Murder Holes
46:26 Masonry
46:13 Fletching
47:22 Ballistics
47:45 Coinage
CovertSpy
11:48 Feudal Age
11:26 Loom
19:42 Castle Age
20:18 Double-Bit Axe
22:49 Pikeman
28:34 Town Watch
29:55 Murder Holes
32:20 Fletching
32:30 Padded Archer Armor
32:26 Stone Mining
34:55 Bow Saw
34:27 Horse Collar
35:26 Leather Archer Armor
38:34 Bodkin Arrow
41:04 Masonry
42:32 Fortified Wall
43:20 Wheelbarrow
43:50 Bloodlines
43:40 Husbandry
44:51 Scale Mail Armor
45:53 Hand Cart
46:04 Guard Tower
50:26 Imperial Age
Jairzin
12:44 Feudal Age
13:32 Double-Bit Axe
17:51 Castle Age
16:31 Stone Mining
16:24 Horse Collar
18:22 Loom
19:05 Bow Saw
18:58 Heavy Plow
28:21 Wheelbarrow
29:23 Gold Mining
34:14 Imperial Age
32:13 Hand Cart
31:59 Town Watch
32:29 Forging
32:20 Scale Mail Armor
33:09 Gold Shaft Mining
33:13 Stone Shaft Mining
33:48 Iron Casting
33:34 Chain Mail Armor
33:09 Arson
33:26 Squires
34:48 Ballistics
34:19 Heated Shot
34:23 Fletching
35:26 Garland Wars
35:27 Conscription
34:39 Elite Jaguar Warrior
36:50 Blast Furnace
36:33 Plate Mail Armor
36:38 Crop Rotation
36:38 Siege Engineers
37:19 Bodkin Arrow
Vlad
9:06 Loom
10:52 Feudal Age
14:58 Castle Age
12:54 Double-Bit Axe
12:56 Horse Collar
15:14 Bloodlines
19:31 Bow Saw
30:18 Forging
29:59 Fletching
31:24 Pikeman
35:03 Imperial Age
34:27 Wheelbarrow
36:58 Bodkin Arrow
38:49 Bracer
40:21 Chemistry
39:17 Murder Holes
39:30 Gold Mining
39:31 Stone Mining
42:05 Halberdier
Keyser_Soze
1:45 Loom
13:00 Feudal Age
17:36 Double-Bit Axe
18:40 Horse Collar
21:25 Fletching
24:29 Castle Age
22:05 Man-at-Arms
24:37 Crossbowman
25:22 Gold Mining
26:43 Long Swordsman
27:53 Stone Mining
30:44 Fervor
34:25 Wheelbarrow
38:54 Imperial Age
36:45 Bow Saw
38:51 Bodkin Arrow
39:09 Forging
39:27 Thumb Ring
39:06 Arbalester
`TryAki
0:28 Loom
10:20 Feudal Age
19:39 Castle Age
17:32 Horse Collar
17:45 Double-Bit Axe
17:55 Gold Mining
18:20 Stone Mining
19:32 Arson
21:15 Squires
21:01 Gambesons
22:16 Man-at-Arms
29:07 Long Swordsman
38:24 Imperial Age
37:33 Wheelbarrow
37:12 Bow Saw
37:41 Gold Shaft Mining
37:20 Heavy Plow
38:25 Elite Jaguar Warrior
40:24 Garland Wars
40:49 Atlatl
41:38 Forging
41:28 Scale Mail Armor
SevenLives <3
11:18 Loom
13:03 Feudal Age
13:34 Feudal Age
14:37 Double-Bit Axe
14:33 Horse Collar
17:42 Wheelbarrow
21:38 Bloodlines
25:00 Castle Age
24:07 Scale Barding Armor
24:12 Forging
26:39 Gold Mining
27:00 Bow Saw
26:51 Heavy Plow
28:12 Hand Cart
27:43 Town Watch
29:35 Town Patrol
29:35 Stone Mining
37:34 Imperial Age
36:14 Chain Barding Armor
36:29 Iron Casting
36:37 Stone Shaft Mining
37:46 Cavalier
39:26 Plate Barding Armor
39:57 Blast Furnace
39:47 Paladin
41:53 Heavy Scorpion
43:37 Chemistry
42:59 Ballistics
45:37 Chemistry
45:06 Ballistics
Connection lost

Rejoining the realm…

Still unreachable

The connection could not be restored.

Session expired

The server has moved on; the page needs a fresh start.